 Dungeon Crawl Stone Soup version 0.19-a0-1714-gcab94ab (webtiles) character file.

196 st0uf the Skirmisher (level 5, -4/46 HPs)
             Began as a Demigod Fighter on Sept 28, 2016.
             Slain by Grinder (6 damage)
             ... while paralysed by Grinder
             ... on level 4 of the Dungeon.
             The game lasted 00:07:38 (2801 turns).

st0uf the Skirmisher (Demigod Fighter)              Turns: 2801, Time: 00:07:39

Health: -4/46      AC:  7    Str: 19    XL:     5   Next: 21%
Magic:  7/7        EV:  2    Int: 12    God:
Gold:   137        SH:  0    Dex: 17    Spells: 0 memorised, 4 levels left

rFire  . . .     SeeInvis .     a - +0 long sword
rCold  . . .     Gourm    .     b - +0 scale mail
rNeg   . . .     Faith    .     (no shield)
rPois  .         Spirit   .     (no helmet)
rElec  .         Dismiss  .     (no cloak)
rCorr  .         Reflect  .     (no gloves)
MR     .....     Harm     .     (no boots)
Stlth  ..........               (no amulet)
                                (no ring)
                                (no ring)

@: paralysed, lethally poisoned (-4 -> -7)
A: high mp 1
a: no special abilities


You were on level 4 of the Dungeon.
You were very hungry.

You visited 1 branch of the dungeon, and saw 4 of its levels.

You collected 137 gold pieces.

Inventory:

Hand Weapons
 a - a +0 long sword (weapon)
 p - a +3 vampiric long sword
Armour
 b - a +0 scale mail (worn)
Scrolls
 g - 4 scrolls of identify {unknown}
 l - a scroll of immolation {unknown}
 m - a scroll of remove curse {unknown}
Potions
 c - a potion of berserk rage {unknown}
 d - a potion of might
 e - 3 potions of curing {unknown}
 i - a potion of agility {unknown}
 j - a potion of lignification {unknown}
 k - a potion of ambrosia {unknown}
 n - a potion of flight {unknown}
 o - a potion of degeneration {unknown}
Comestibles
 f - 6 bread rations
 h - 4 beef jerkies
 q - 4 meat rations
 r - 2 slices of pizza


   Skills:
 * Level 3.7 Fighting
 * Level 3.7 Long Blades
 + Level 3.2 Armour
 + Level 1.3 Dodging
   Level 2.6 Shields


You had 4 spell levels left.
You didn't know any spells.

Dungeon Overview and Level Annotations

Branches:
Dungeon (4/15)
 Temple: D:4-7

Annotations:
D:3 Sigmund
D:4 Grinder


Innate Abilities, Weirdness & Mutations

You have an increased reservoir of magic. (+10% MP)


Message History

You hit Grinder.
Grinder is lightly wounded.
The scorpion stings you. Grinder hits you!
You writhe in agony.
The scorpion stings you.
You are poisoned.
The scorpion poisons you!
You hit Grinder.
Grinder is moderately wounded.
You feel sick. Grinder hits you.
* * * LOW HITPOINT WARNING * * *
You writhe in agony.
* * * LOW HITPOINT WARNING * * *
The scorpion closely misses you. Grinder gestures at you.
You suddenly lose the ability to move!
* * * LOW HITPOINT WARNING * * *
You feel sick. The scorpion stings you.
* * * LOW HITPOINT WARNING * * *
Grinder hits you.
You die...

########
##......##
##...5s...##
#....@.....#
#..........#
#..........#
#..........#
#..........#
##........##
#.........
...........


You could see Grinder and a scorpion.

Vanquished Creatures
  Ijyb (D:3)
  7 adders
  2 oozes (D:2)
  5 worms
  6 dart slugs
  4 leopard geckos
  3 orcs (D:3)
  3 bats
  5 giant cockroaches
  4 goblins
  8 hobgoblins
  5 jackals (D:1)
  2 quokkas (D:2)
  A ball python (D:2)
  2 frilled lizards
  3 kobolds
  6 rats
67 creatures vanquished.

Notes
Turn   | Place    | Note
-------+----------+-------------------------------------------
     0 | D:1      | st0uf the Demigod Fighter began the quest for the Orb.
     0 | D:1      | Reached XP level 1. HP: 18/18 MP: 3/3
   194 | D:1      | Reached XP level 2. HP: 25/25 MP: 4/4
   746 | D:2      | Reached XP level 3. HP: 26/31 MP: 5/5
   914 | D:2      | Reached skill level 1 in Dodging
  1027 | D:3      | Reached XP level 4. HP: 8/38 MP: 6/6
  1823 | D:2      | Found a shimmering altar of Xom.
  1824 | D:2      | Found a hazy altar of Hepliaklqana.
  1824 | D:2      | Noticed a titan simulacrum
  1825 | D:2      | Noticed a titan simulacrum
  1825 | D:2      | Noticed a spectral ugly thing
  2081 | D:3      | Found an iron altar of Okawaru.
  2142 | D:3      | Noticed Ijyb
  2152 | D:3      | Killed Ijyb
  2152 | D:3      | Reached XP level 5. HP: 43/46 MP: 7/7
  2481 | D:3      | Noticed Sigmund
  2606 | D:3      | Found a bloodstained altar of Trog.
  2795 | D:4      | Noticed Grinder
  2800 | D:4      | Paralysed by Grinder for 7 turns
  2801 | D:4      | HP: 2/46 [scorpion (2)]
  2801 | D:4      | Slain by Grinder

Vault maps used:
D:1:      lemuel_arrival_tunnels, nrook_loot_triangle
D:2:      regret_index_temple_of_mockery, hex_intersection, supply_closet_lemuel
D:3:      kennysheep_okawaru_gauntlet, first_bread, trog_book, uniq_iyjb,
          uniq_sigmund
D:4:      tgw_sif, uniq_grinder

Skill      XL: |  1  2  3 |
---------------+----------+-----
Long Blades    | 2 3 |  3.7
Fighting       | 3 |  3.7
Armour         | 3 |  3.2
Dodging        | 1 |  1.3
Shields        | |  2.6

Action                   |  1- 3 |  4- 6 || total
-------------------------+-------+-------++-------
Melee: Long sword        |   135 |   149 ||   284
  Eat: Chunk             |       |     5 ||     5
Armor: Scale mail        |    57 |    44 ||   101
Dodge: Dodged            |    65 |    64 ||   129
